Map: Dusk Towers

Players

sherrysman - Winner!

  • Race: Zerg Zerg

Miltreta

  • Race: Terran Terran
  • League: Bronze

VOD

Have the link to the VOD?

Description

Time

  • Played on: March 15, 2016, 9:40 p.m.
  • Length: 10:23
Show
View Real Time Build Order
Export as new Build Order

sherrysman Zerg - Winner!

Build Orders: Hatch First 

Get SALT Encoding   

  12  0:16  Drone  
  12  0:17  Drone  
  14  0:47  Overlord  
  12  2:21  Drone x3  
  15  2:59  Drone x2  
  17  3:14  Drone  
  18  3:26  Overlord  
  18  3:34  Overlord  
  18  3:49  Drone  
  18  3:51  Drone  
  17  4:40  Drone x3  
  17  4:44  Hatchery  
  19  4:50  Extractor  
  18  5:07  Spawning Pool  
  18  5:12  Drone x2  
  19  5:17  Drone  
  20  5:28  Drone  
  21  5:40  Extractor  
  20  5:48  Evolution Chamber  
  19  5:55  Queen  
  21  6:01  Zergling x2  
  21  6:02  Zergling x4  
  24  6:09  Drone  
  24  6:10  Drone  
  26  6:22  Metabolic Boost  
  26  6:32  Zergling x4  
  28  6:40  Queen  
  30  6:59  Zergling x6  
  30  7:00  Hatchery  
  32  7:19  Zerg Ground Armor Level 1  
  32  7:32  Zergling x4  
  32  7:33  Zergling x2  
  32  7:57  Burrow  
  32  8:21  Baneling Nest  
  32  8:23  Zergling x4  
  32  8:24  Zergling x6  
  36  8:36  Overlord x3  
  36  8:57  Zergling x4  
  36  8:58  Zergling x8  
  42  9:27  Baneling  
  42  9:28  Baneling x3  
  42  9:29  Baneling x3  
  42  9:30  Baneling  
  42  9:36  Zergling x6  
  42  9:37  Zergling x6  
Show
View Real Time Build Order
Export as new Build Order

Miltreta Terran 

Build Orders:  

Get SALT Encoding   

  12  0:01  SCV  
  13  0:14  SCV  
  14  0:20  Supply Depot  
  14  0:25  Refinery  
  14  0:28  SCV  
  15  0:43  Barracks  
  12  1:14  SCV  
  4  2:15  Supply Depot  
  4  2:17  SCV  
  5  2:33  SCV  
  6  2:46  Barracks  
  6  2:51  SCV  
  7  3:16  SCV  
  8  3:37  Barracks  
  8  3:38  Marine  
  9  3:44  Bunker  
  9  3:56  Marine  
  10  4:23  Marine  
  11  4:27  Marine  
  12  4:38  Supply Depot  
  12  4:39  SCV  
  13  4:47  Marine x2  
  13  4:49  Barracks  
  15  4:54  SCV  
  16  5:05  Refinery  
  16  5:06  SCV  
  17  5:12  Marine  
  18  5:21  SCV  
  19  5:30  Marine  
  19  5:32  Marine  
  21  5:35  Marine  
  22  5:47  Refinery  
  22  5:50  Orbital Command  
  22  6:06  Marine x2  
  22  6:07  Marine  
  25  6:34  Factory, Barracks Tech Lab  
  25  6:36  Barracks Reactor  
  25  6:41  SCV  
  25  6:42  Barracks Reactor  
  26  6:53  SCV  
  27  7:01  Stimpack  
  27  7:08  Marine  
  28  7:20  Hellion  
  30  7:23  SCV  
  31  7:40  Starport  
  31  7:48  Supply Depot  
  31  8:09  Marine x4  
  31  8:10  SCV  
  36  8:13  Hellion  
  36  8:19  Supply Depot  
  38  8:22  SCV  
  39  8:41  Medivac  
  41  8:46  Factory Reactor  
  41  9:02  Concussive Shells  
  41  9:05  Marauder  
  41  9:06  Marine x2  
  41  9:07  Marine x2  
  47  9:26  Supply Depot  
  47  9:28  Supply Depot  
Tags
 
Add a new tag
Caveats
  • Supply blocks, unpowered buildings, or Contaminate may cause inaccurate times.
  • Supply counts are checked every 10 seconds.